[Event "Late-Titled-Tuesday-Blitz-May-07-2024"]
[Site "Chess.com"]
[Date "2024.05.07"]
[Round "3"]
[White "Charodej1"]
[Black "MiguelBestard1981"]
[Result "0-1"]
[WhiteElo "2413"]
[BlackElo "2197"]
[TimeControl "180+1"]
[EndTime "14:24:47 PDT"]
[Termination "MiguelBestard1981 won by resignation"]

1. d4 d5 2. Nf3 Bf5 3. c4 e6 4.
Qb3 Nc6 5. Bd2 Rb8 6. e3 Nf6 7. c5 Be7 8. Bb5 O-O 9. Nc3 Na5 10. Qa4 c6 11. Be2 b5 12. cxb6 axb6 13. b4 Nc4 14. O-O Nxd2 15. Nxd2 c5 16. bxc5 bxc5 17. dxc5 Bxc5 18. Nb3 Rb4 19. Qa6 Rb6 20. Qa5 Bb4 0-1

[Event "Late-Titled-Tuesday-Blitz-May-07-2024"]
[Site "Chess.com"]
[Date "2024.05.07"]
[Round "3"]
[White "Redzishchess"]
[Black "carokannlover213"]
[Result "0-1"]
[WhiteElo "2502"]
[BlackElo "2724"]
[TimeControl "180+1"]
[EndTime "14:24:50 PDT"]
[Termination "carokannlover213 won by resignation"]

1. Nf3 g6 2. h4 Bg7 3. h5 gxh5 4. Rxh5 Nf6 5. Rg5 Bh6 6. Rg3 Bf4 7. Rh3 d5 8. Rh1 Nc6 9. d4 Bxc1 10. Qxc1 Bf5 11. c3 Qd6 12. Nbd2 O-O-O 13. e3 e5 14. dxe5 Nxe5 15. Nxe5 Qxe5 16. Nf3 Qe7 17. Qd2 Ne4 18. Qd4 Kb8 19. Qe5 Qd7 20. Bb5 Qxb5 21. Qxf5 Qxb2 0-1

[Event "Late-Titled-Tuesday-Blitz-May-07-2024"]
[Site "Chess.com"]
[Date "2024.05.07"]
[Round "3"]
[White "CarrotsandPizza"]
[Black "ChEsper99"]
[Result "1-0"]
[WhiteElo "2579"]
[BlackElo "2303"]
[TimeControl "180+1"]
[EndTime "14:24:50 PDT"]
[Termination "CarrotsandPizza won by resignation"]

1. e4 c6 2. d4 d5 3. e5 Bf5 4. Nf3 e6 5. Be2 c5 6. O-O Nc6 7. c4 cxd4 8. Nxd4 Nxd4 9. Qxd4 Ne7 10. cxd5 Qxd5 11. Qa4+ Nc6 12. Bf3 Qd7 13. Rd1 Qc7 14.
Nc3 a6 15. Nb5 Qb6 16. Nd4 Rc8 17. Be3 Qc7 18. Rac1 Be7 19. Nxc6 bxc6 20. Rxc6 1-0

[Event "Late-Titled-Tuesday-Blitz-May-07-2024"]
[Site "Chess.com"]
[Date "2024.05.07"]
[Round "3"]
[White "brouetoscope"]
[Black "ahkashefi2800"]
[Result "0-1"]
[WhiteElo "2320"]
[BlackElo "2580"]
[TimeControl "180+1"]
[EndTime "14:24:53 PDT"]
[Termination "ahkashefi2800 won by resignation"]

1. e4 c6 2. d4 d5 3. e5 Bf5 4. h4 h5 5. Bd3 Bxd3 6. Qxd3 e6 7. Bg5 Qa5+ 8. Nd2 Qa6 9. c4 Bb4 10. b3 Ne7 11. Nf3 Nf5 12. O-O O-O 13. Rfd1 Nd7 14. Nf1 Rfe8 15. Ne3 Nxe3 16. fxe3 Be7 17. Rf1 Nf8 18. a4 Rad8 19. Ra2 Rd7 20. Raf2 c5 21.
Bxe7 Rexe7 22. Qc2 dxc4 23. bxc4 cxd4 24. exd4 Rc7 25.
Rc1 Ng6 26. g3 b6 27. Qb3 Red7 28. Kg2 Qb7 29. Rd2 Nxe5 30. d5 exd5 31. Nxe5 dxc4+ 32. Qf3 Rxd2+ 0-1

[Event "Late-Titled-Tuesday-Blitz-May-07-2024"]
[Site "Chess.com"]
[Date "2024.05.07"]
[Round "3"]
[White "pouya21"]
[Black "Emp3rador"]
[Result "1-0"]
[WhiteElo "2830"]
[BlackElo "2621"]
[TimeControl "180+1"]
[EndTime "14:24:56 PDT"]
[Termination "pouya21 won on time"]

1. g3 d5 2. Bg2 Nf6 3. f4 c5 4. Nf3 Nc6 5. d3 g6 6. O-O Bg7 7. c3 O-O 8. Na3 a6 9. Qe1 d4 10. Bd2 Nd5 11. Nc4 b5 12. Nce5 Nxe5 13. fxe5 1-0

[Event "Late-Titled-Tuesday-Blitz-May-07-2024"]
[Site "Chess.com"]
[Date "2024.05.07"]
[Round "3"]
[White "Dzidzik2203"]
[Black "machinegun1"]
[Result "1-0"]
[WhiteElo "2449"]
[BlackElo "2622"]
[TimeControl "180+1"]
[EndTime "14:24:57 PDT"]
[Termination "Dzidzik2203 won by checkmate"]

1. b3 e5 2. Bb2 Nc6 3. e3 Nf6 4.
Bb5 Bd6 5. Na3 O-O 6. Nc4 Qe7 7. Ne2 e4 8. Ng3 Bc5 9. f3 d5 10. Bxc6 bxc6 11. Ne5 Bb7 12. O-O Rad8 13. fxe4 Nxe4 14. Nf5 Qg5 15. d3 Bxe3+ 16. Kh1 Nf2+ 17. Rxf2 Bxf2 18. Qf3 Bb6 19. h4 Qd2 20. Qg3 g6 21. Nh6+ Kg7 22.
Nexf7+ d4 23. Qe5# 1-0

[Event "Late-Titled-Tuesday-Blitz-May-07-2024"]
[Site "Chess.com"]
[Date "2024.05.07"]
[Round "3"]
[White "IsaqueGoncalvesSanto"]
[Black "ACollins05"]
[Result "0-1"]
[WhiteElo "1824"]
[BlackElo "2535"]
[TimeControl "180+1"]
[EndTime "14:25:08 PDT"]
[Termination "ACollins05 won by resignation"]

1. d4 b5 2. Nf3 Bb7 3. e3 a6 4. a4 b4 5. c4 Nf6 6. b3 a5 7. Bb2 d6 8. Nbd2 Nbd7 9. Bd3 g6 10.
Qc2 Bg7 11. e4 O-O 12. d5 Re8 13. O-O-O c6 14. dxc6 Bxc6 15. Nd4 Bb7 16. f4 Ng4 17. Nf1 Nc5 18. h3 Nf6 19. g4 Nxd3+ 20. Rxd3 Bxe4 21.
Rh2 Nd7 22. Ng3 Bxd3 23. Qxd3 Nc5 24. h4 Nxd3+ 0-1

[Event "Late-Titled-Tuesday-Blitz-May-07-2024"]
[Site "Chess.com"]
[Date "2024.05.07"]
[Round "3"]
[White "nochewycandy"]
[Black "Narek_Ghimoyan"]
[Result "1/2-1/2"]
[WhiteElo "2782"]
[BlackElo "2399"]
[TimeControl "180+1"]
[EndTime "14:25:14 PDT"]
[Termination "Game drawn by repetition"]

1. Nf3 Nf6 2. g3 d5 3. Bg2 e6 4. O-O Be7 5. c4 O-O 6. b3 Nbd7 7. Bb2 b6 8. e3 Bb7 9. Qe2 c5 10. Nc3 Rc8 11. Rfd1 Qc7 12. Rac1 Qb8 13. cxd5 Nxd5 14. Nxd5 Bxd5 15. d4 cxd4 16. Nxd4 Bxg2 17. Kxg2 Bf6 18. Nf3 Rxc1 19. Rxc1 Rc8 20. Rd1 Bxb2 21. Qxb2 Nf6 22. Qd4 h6 23. h3 Qb7 24. g4 Rc2 25. Qd8+ Kh7 26. Rd2 Rxd2 27. Qxd2 Ne4 28. Qd3 g6 29. Kg1 Nc3 30. Qxc3 Qxf3 31. Qc7 Kg7 32. Qxa7 Qxh3 33. Qxb6 Qxg4+ 34. Kf1 Qd1+ 35. Kg2 Qg4+ 36. Kh2 Qh4+ 37. Kg2 Qg4+ 38. Kf1 Qd1+ 39. Kg2 Qg4+ 1/2-1/2

[Event "Late-Titled-Tuesday-Blitz-May-07-2024"]
[Site "Chess.com"]
[Date "2024.05.07"]
[Round "3"]
[White "IMRosen"]
[Black "YouShallNotPass001"]
[Result "1-0"]
[WhiteElo "2651"]
[BlackElo "2443"]
[TimeControl "180+1"]
[EndTime "14:25:27 PDT"]
[Termination "IMRosen won by resignation"]

1. a4 Nf6 2. Ra3 e6 3. g3 Bxa3 4. Nxa3 O-O 5. b3 d5 6. Bb2 c5 7.
Bg2 Nc6 8. e3 Qe7 9. Ne2 e5 10.
h3 d4 11. O-O Bf5 12. Nc4 Rfe8 13. g4 Bg6 14. Ng3 Qd7 15. e4 h6 16. d3 b6 17.
Bc1 Rab8 18. f4 a6 19. f5 Bh7 20. h4 b5 21. Nb2 Rec8 22. g5 hxg5 23. hxg5 Ne8 24. Qh5 Nb4 25. g6 fxg6 26. fxg6 Bxg6 27. Qxg6 Rb6 28. Qxb6 Nxc2 29. axb5 axb5 30. Nf5 Rc6 31.
Qxc6 1-0

[Event "Late-Titled-Tuesday-Blitz-May-07-2024"]
[Site "Chess.com"]
[Date "2024.05.07"]
[Round "3"]
[White "prachiti01"]
[Black "nindjaxx8"]
[Result "0-1"]
[WhiteElo "2415"]
[BlackElo "2647"]
[TimeControl "180+1"]
[EndTime "14:25:28 PDT"]
[Termination "nindjaxx8 won by checkmate"]

1. e4 e6 2. d4 d5 3. Nc3 Bb4 4. exd5 exd5 5. Bd3 Nf6 6. Ne2 O-O 7. Bg5 Bg4 8. f3 Bh5 9. g4 Bg6 10. Bxg6 fxg6 11. Qd2 Nbd7 12. O-O-O Nb6 13. b3 a5 14. Qd3 a4 15. h4 axb3 16. axb3 Qe7 17. Kd2 Rfe8 18.
Rde1 Ra3 19. Nf4 Qd7 20. Bxf6 Nc4+ 21. Kc1 Ra1+ 22. Nb1 Ba3+ 23. Kd1 Rxb1# 0-1

[Event "Late-Titled-Tuesday-Blitz-May-07-2024"]
[Site "Chess.com"]
[Date "2024.05.07"]
[Round "3"]
[White "RichardShtivelband"]
[Black "andrew-blr"]
[Result "0-1"]
[WhiteElo "2395"]
[BlackElo "2607"]
[TimeControl "180+1"]
[EndTime "14:25:29 PDT"]
[Termination "andrew-blr won by resignation"]

1. d4 d5 2. Nf3 Nf6 3. c4 e6 4. g3 c5 5. cxd5 exd5 6. Bg2 Nc6 7. O-O Be7 8. Nc3 O-O 9. dxc5 Bxc5 10. Bg5 d4 11.
Ne4 Be7 12. Bxf6 Bxf6 13. Qa4 Re8 14. Nxf6+ Qxf6 15. Rfe1 Bf5 16. Rad1 Rad8 17. Rd2 Be4 18. Red1 d3 19. Qb5 Rd5 20. Qxb7 dxe2 21. Rxd5 Bxf3 22.
Bxf3 Qxf3 0-1

[Event "Late-Titled-Tuesday-Blitz-May-07-2024"]
[Site "Chess.com"]
[Date "2024.05.07"]
[Round "3"]
[White "Denmark2015"]
[Black "mfschulz"]
[Result "1-0"]
[WhiteElo "2591"]
[BlackElo "2304"]
[TimeControl "180+1"]
[EndTime "14:25:32 PDT"]
[Termination "Denmark2015 won by resignation"]

1. d4 Nf6 2. c4 c5 3. d5 e6 4. Nc3 exd5 5. cxd5 d6 6. e4 a6 7. Nf3 b5 8. Qc2 Bg4 9. Nd2 g6 10. h3 Bc8 11. a4 b4 12. Nd1 Bg7 13. Ne3 O-O 14.
Be2 a5 15. O-O Re8 16. Rb1 Nbd7 17. b3 Nh5 18. Bxh5 gxh5 19. Nf5 Ne5 20. Nxg7 Kxg7 21. f4 Ng6 22. Bb2+ f6 23. Nc4 Ba6 24. Rbe1 Bxc4 25. Qxc4 Ra7 26. Qe2 h4 27. Qg4 Rae7 28. f5 c4 29.
bxc4 Qd7 30. fxg6 Qxg4 31. hxg4 Rxe4 32. Rxe4 Rxe4 33. Rxf6 Re1+ 34. Kh2 Re2 35. Rf2+ 1-0

[Event "Late-Titled-Tuesday-Blitz-May-07-2024"]
[Site "Chess.com"]
[Date "2024.05.07"]
[Round "3"]
[White "Kostukov_Alex"]
[Black "maurovargas01"]
[Result "1-0"]
[WhiteElo "2374"]
[BlackElo "1969"]
[TimeControl "180+1"]
[EndTime "14:25:34 PDT"]
[Termination "Kostukov_Alex won on time"]

1. c4 e5 2. g3 Nc6 3. Bg2 Nf6 4. e3 g6 5. Nc3 Bg7 6. Nge2 O-O 7. O-O d6 8. d4 exd4 9. exd4 Re8 10. h3 Bd7 11.
Be3 Ne7 12. d5 1-0

[Event "Late-Titled-Tuesday-Blitz-May-07-2024"]
[Site "Chess.com"]
[Date "2024.05.07"]
[Round "3"]
[White "kylelancman"]
[Black "Arek_pacitan"]
[Result "0-1"]
[WhiteElo "2502"]
[BlackElo "2722"]
[TimeControl "180+1"]
[EndTime "14:25:37 PDT"]
[Termination "Arek_pacitan won by resignation"]

1. e4 c5 2. Nf3 Nc6 3. Bb5 e6 4. Bxc6 dxc6 5. O-O Ne7 6. d3 Ng6 7. Be3 Be7 8. Nbd2 O-O 9. Nb3 b6 10. a4 a5 11. Nbd2 Qc7 12. Nc4 Ba6 13. b3 Rfd8 14. Qc1 Bf6 15. Rb1 Rac8 16. Bg5 Bxg5 17. Qxg5 b5 18.
Nce5 f6 19. Qg4 Nxe5 20. Qxe6+ Qf7 21. Qh3 Nxf3+ 22. gxf3 c4 23. Kh1 cxd3 24. cxd3 b4 25. Rfd1 Qd7 26. Qg3 Bxd3 27. Rb2 Qc7 28. Rbd2 Qd7 29.
Rxd3 Qxd3 30. Rxd3 Rxd3 31. Qg4 Re8 32. Qh5 Re5 33.
Qg4 Rd1+ 0-1

[Event "Late-Titled-Tuesday-Blitz-May-07-2024"]
[Site "Chess.com"]
[Date "2024.05.07"]
[Round "3"]
[White "trriinu"]
[Black "merinasian"]
[Result "1-0"]
[WhiteElo "2256"]
[BlackElo "2478"]
[TimeControl "180+1"]
[EndTime "14:25:41 PDT"]
[Termination "trriinu won by resignation"]

1. e4 d6 2. d4 Nd7 3. Nc3 g6 4. Nf3 Bg7 5. Be2 a6 6. a4 e6 7. O-O Ne7 8. Be3 b6 9. Qd2 h6 10. Rad1 Bb7 11. Rfe1 Nf6 12. Bd3 Ng4 13. Bf4 g5 14.
Bg3 Ng6 15. h3 Nf6 16. e5 Bxf3 17. gxf3 dxe5 18. Bxg6 fxg6 19. Rxe5 O-O 20. Rxe6 Nh5 21. Rxg6 Nxg3 22. fxg3 Rxf3 23. Kg2 Qf8 24. Qe2 Rf7 25. Re1 Kh7 26. Qe4 Rf2+ 27. Kg1 Re8 28. Re6+ 1-0

[Event "Late-Titled-Tuesday-Blitz-May-07-2024"]
[Site "Chess.com"]
[Date "2024.05.07"]
[Round "3"]
[White "egnfanclub"]
[Black "Hilary46"]
[Result "0-1"]
[WhiteElo "2348"]
[BlackElo "2720"]
[TimeControl "180+1"]
[EndTime "14:25:43 PDT"]
[Termination "Hilary46 won by resignation"]

1. e4 e5 2. Nf3 Nc6 3. Nc3 Nf6 4. d4 exd4 5. Nd5 Nb4 6. Bc4 Nbxd5 7. exd5 Bb4+ 8.
Kf1 O-O 9. Qxd4 d6 10. Bg5 h6 11. Bh4 Re8 12. Bd3 Bc5 13. Qc4 g5 14. Bg3 Nh5 15.
b4 Bb6 16. a4 a5 17. c3 Qf6 18. Ra2 axb4 19. cxb4 Nxg3+ 20. hxg3 g4 21. Nh4 Rxa4 22. Qb5 Qa1+ 0-1

[Event "Late-Titled-Tuesday-Blitz-May-07-2024"]
[Site "Chess.com"]
[Date "2024.05.07"]
[Round "3"]
[White "GWR2024"]
[Black "Nick12772"]
[Result "1-0"]
[WhiteElo "2172"]
[BlackElo "2433"]
[TimeControl "180+1"]
[EndTime "14:25:46 PDT"]
[Termination "GWR2024 won by resignation"]

1. e4 e6 2. d4 d5 3. Nd2 Nf6 4. e5 Nfd7 5. Bd3 c5 6. c3 Nc6 7. Ne2 cxd4 8. cxd4 f6 9. exf6 Nxf6 10. O-O Bd6 11.
Nf3 Qc7 12. Bg5 O-O 13. Bh4 Nh5 14. Bg3 Nxg3 15. hxg3 g6 16. a3 Qg7 17. Rc1 Bd7 18. Bb1 Rac8 19. Qd2 Ne7 20. Nf4 Nc6 21. Rfe1 Rce8 22.
Ba2 g5 23. Nxe6 Bxe6 24. Rxe6 Rxe6 25. Bxd5 Re8 26. Re1 g4 27. Rxe6 Rxe6 28. Bxe6+ Kh8 29. Ng5 Qxd4 30. Nf7+ Kg7 31. Qh6+ Kg8 32. Nxd6+ 1-0

[Event "Late-Titled-Tuesday-Blitz-May-07-2024"]
[Site "Chess.com"]
[Date "2024.05.07"]
[Round "3"]
[White "Russian_berezka"]
[Black "ab-lsv"]
[Result "1-0"]
[WhiteElo "2600"]
[BlackElo "2390"]
[TimeControl "180+1"]
[EndTime "14:25:50 PDT"]
[Termination "Russian_berezka won by resignation"]

1. c4 c5 2. Nc3 g6 3. g3 Bg7 4.
Bg2 Nc6 5. b3 e5 6. Bb2 Nge7 7. e4 d6 8. Nge2 O-O 9. O-O f5 10.
f4 Be6 11. d3 Qd7 12. Nd5 Rf7 13. Qd2 Raf8 14. Kh1 Nd4 15. Nxd4 cxd4 16. fxe5 dxe5 17. Ba3 Bf6 18. Rae1 Bxd5 19. cxd5 Re8 20. d6 Nc6 21. exf5 gxf5 22. Bd5 Kh8 23. Bxf7 Qxf7 24. Rxf5 1-0

[Event "Late-Titled-Tuesday-Blitz-May-07-2024"]
[Site "Chess.com"]
[Date "2024.05.07"]
[Round "3"]
[White "Perecke"]
[Black "rhwr"]
[Result "1-0"]
[WhiteElo "2538"]
[BlackElo "2273"]
[TimeControl "180+1"]
[EndTime "14:26:02 PDT"]
[Termination "Perecke won by resignation"]

1. e4 c5 2. Nf3 d6 3. d4 cxd4 4. Nxd4 Nf6 5. Nc3 e5 6. Nb3 Be6 7. Bd3 Be7 8. O-O O-O 9. Be3 Nbd7 10. f3 a6 11. a4 Rc8 12. Qe2 d5 13. exd5 Nxd5 14.
Nxd5 Bxd5 15. Rfc1 Bxb3 16. cxb3 Bc5 17. Be4 Qb6 18.
Bxc5 Rxc5 19. Rxc5 Nxc5 20. Qe3 Qb4 21. Bd5 Rd8 22.
Qxe5 Nxb3 23. Rd1 Qc5+ 24. Kh1 Qc2 25. Bxf7+ Kxf7 26. Qh5+ Ke7 27. Qg5+ Kf7 28. Qxd8 Qxb2 29. Rd7+ Ke6 30. Qe8+ Kf5 31. Qf7+ Kg5 32. Rd5+ 1-0

[Event "Late-Titled-Tuesday-Blitz-May-07-2024"]
[Site "Chess.com"]
[Date "2024.05.07"]
[Round "3"]
[White "simaopdias"]
[Black "Ajedrez_con_German"]
[Result "0-1"]
[WhiteElo "2311"]
[BlackElo "2599"]
[TimeControl "180+1"]
[EndTime "14:26:03 PDT"]
[Termination "Ajedrez_con_German won by resignation"]

1. e4 e6 2. d4 d5 3. e5 b6 4. c3 Qd7 5. f4 Ne7 6. Nf3 h5 7. Bd3 Ba6 8. O-O Bxd3 9. Qxd3 c5 10. b3 Nf5 11. Ba3 Nc6 12. dxc5 bxc5 13. Qa6 Be7 14. Nbd2 O-O 15. Rfe1 Rab8 16. Rad1 Rfc8 17. g3 Qb7 18.
Qd3 c4 19. bxc4 Bxa3 20. cxd5 Nce7 21. d6 Nd5 22. Rb1 Qc6 23. c4 Bc5+ 24. Kh1 Nb4 25. Qb3 Nd4 26. Qd1 Nd3 27. Ne4 Nxe1 0-1

[Event "Late-Titled-Tuesday-Blitz-May-07-2024"]
[Site "Chess.com"]
[Date "2024.05.07"]
[Round "3"]
[White "Jospem"]
[Black "elchacal664"]
[Result "1-0"]
[WhiteElo "3007"]
[BlackElo "2372"]
[TimeControl "180+1"]
[EndTime "14:26:07 PDT"]
[Termination "Jospem won on time"]

1. e4 c5 2. Nf3 Nc6 3. c3 Nf6 4. Bd3 d6 5. h3 g6 6. Bc2 Bg7 7. d4 cxd4 8. cxd4 Nb4 9. Ba4+ Bd7 10. Bxd7+ Qxd7 11. Nc3 O-O 12. O-O Rac8 13. Qe2 e6 14.
Bg5 d5 15. e5 Ne8 16. Qd2 Nc6 17. Bh6 f6 18. Bxg7 Qxg7 19. Rfe1 f5 20. Ne2 Nc7 21. Rac1 h6 22. h4 Kf7 23. b4 a6 24. a4 Rg8 25. Nf4 g5 26. Nh5 Qg6 27. Nf6 Rg7 28. h5 Qxf6 29. exf6 Kxf6 30. Ne5 Nxe5 31. dxe5+ Kf7 32.
b5 Rgg8 33. b6 Na8 34. Qb4 Rce8 35. Qd6 Rd8 36. Rc7+ 1-0

[Event "Late-Titled-Tuesday-Blitz-May-07-2024"]
[Site "Chess.com"]
[Date "2024.05.07"]
[Round "3"]
[White "rdarruda"]
[Black "JosephRyan"]
[Result "1-0"]
[WhiteElo "2556"]
[BlackElo "2224"]
[TimeControl "180+1"]
[EndTime "14:26:08 PDT"]
[Termination "rdarruda won by resignation"]

1. d4 e6 2. e4 d5 3. Nc3 Bb4 4.
Qg4 Nf6 5. Qxg7 Rg8 6. Qh6 dxe4 7.
Ne2 Nbd7 8. Bg5 b6 9. O-O-O Bb7 10. d5 Ng4 11. Bxd8 Nxh6 12. Bxc7 exd5 13. Nxd5 Bc5 14.
Bg3 O-O-O 15. Nec3 Nf5 16. Nxe4 Nxg3 17. hxg3 f5 18.
Nxc5 Nxc5 19. Ne7+ Kc7 20. Nxg8 Rxg8 21. Rxh7+ Kb8 22.
Bc4 Re8 23. Bd5 Re2 24. Bf3 Re8 25. Bxb7 Nxb7 26. Rdd7 Nc5 27. Rde7 Rd8 28. b4 Ne4 29. Rb7+ Ka8 30. Rxa7+ Kb8 31. Rhb7+ Kc8 32. Ra8+ Kxb7 33. Rxd8 Nxf2 34. Rf8 1-0

[Event "Late-Titled-Tuesday-Blitz-May-07-2024"]
[Site "Chess.com"]
[Date "2024.05.07"]
[Round "3"]
[White "xakevicius91"]
[Black "NowInChess"]
[Result "1-0"]
[WhiteElo "2514"]
[BlackElo "2257"]
[TimeControl "180+1"]
[EndTime "14:26:10 PDT"]
[Termination "xakevicius91 won by checkmate"]

1. e4 e6 2. d4 d5 3. Nc3 Nc6 4. Nf3 Nf6 5. e5 Ne4 6. Bd3 Bb4 7. Bd2 Nxd2 8. Qxd2 f6 9. a3 Bxc3 10. bxc3 fxe5 11.
dxe5 O-O 12. h4 Rxf3 13. gxf3 Nxe5 14. Be2 Qf6 15. Rh3 Bd7 16. Rg3 Ng6 17. h5 Nf4 18. h6 Qxh6 19. Bf1 e5 20. O-O-O Rf8 21. Bd3 Ba4 22.
Rdg1 Rf7 23. c4 Qd6 24. Kb2 dxc4 25. Bxc4 Qxd2 26. Rxg7+ Kf8 27. Rxf7+ Ke8 28. Rg8# 1-0

[Event "Late-Titled-Tuesday-Blitz-May-07-2024"]
[Site "Chess.com"]
[Date "2024.05.07"]
[Round "3"]
[White "Sanan_Sjugirov"]
[Black "lamomiajunior"]
[Result "1-0"]
[WhiteElo "3033"]
[BlackElo "2770"]
[TimeControl "180+1"]
[EndTime "14:26:11 PDT"]
[Termination "Sanan_Sjugirov won by resignation"]

1. e4 c5 2. Nf3 d6 3. d4 cxd4 4.
Nxd4 Nf6 5. Nc3 a6 6. Be3 e6 7. Be2 Be7 8. g4 b5 9. Bf3 e5 10. Nf5 g6 11. Ng7+ Kf8 12. Bh6 Kg8 13.
Nf5 Bxf5 14. exf5 Ra7 15. Be3 Rc7 16. g5 Ne8 17. f6 Bf8 18. Bb6 h6 19. h4 Nd7 20.
Bxc7 Nxc7 21. Qd2 Ne6 22. O-O-O Nf4 23. Nd5 Ne6 24. c3 Ndc5 25. Kb1 e4 26. Bg4 Nd3 27.
f3 Ne5 28. Bxe6 fxe6 29. Nf4 Nxf3 30. Qe2 d5 31. Nxg6 Rh7 32. Qxe4 1-0

[Event "Late-Titled-Tuesday-Blitz-May-07-2024"]
[Site "Chess.com"]
[Date "2024.05.07"]
[Round "3"]
[White "Rodalquilar"]
[Black "MITerryble"]
[Result "0-1"]
[WhiteElo "2769"]
[BlackElo "3026"]
[TimeControl "180+1"]
[EndTime "14:26:11 PDT"]
[Termination "MITerryble won on time"]

1. d4 e6 2. Nf3 Nf6 3. Bf4 b6 4. e3 Bb7 5. Nbd2 Bd6 6. Bg3 h6 7. Bd3 Bxg3 8. hxg3 d6 9. Qe2 Nbd7 10. c3 Qe7 11. a4 a6 12. O-O e5 13. dxe5 dxe5 14. e4 O-O 15. Rfe1 Nc5 16. Bc2 a5 17. Nh4 g6 18. Qe3 Ng4 19. Qe2 h5 20. Nf1 Ba6 21. Qf3 Rad8 22. Rad1 Qg5 23. Rxd8 Rxd8 24. Rd1 Bxf1 25.
Rxd8+ Qxd8 26. b4 axb4 27. cxb4 Bd3 28. Bxd3 Qxd3 29. Qxd3 Nxd3 30. a5 Nxb4 31. a6 Nxa6 0-1

[Event "Late-Titled-Tuesday-Blitz-May-07-2024"]
[Site "Chess.com"]
[Date "2024.05.07"]
[Round "3"]
[White "Dedic8"]
[Black "Mikayel99"]
[Result "1-0"]
[WhiteElo "2872"]
[BlackElo "2595"]
[TimeControl "180+1"]
[EndTime "14:26:14 PDT"]
[Termination "Dedic8 won by resignation"]

1. e4 c5 2. Nf3 d6 3. d4 cxd4 4. Nxd4 Nf6 5. Nc3 a6 6. f3 e5 7.
Nb3 Be6 8. Be3 h5 9. Nd5 Nxd5 10. exd5 Bf5 11. Bd3 Bxd3 12. Qxd3 Nd7 13. O-O-O g6 14. Kb1 Bg7 15. h4 Rc8 16. Nd2 O-O 17. g4 e4 18.
Nxe4 Ne5 19. Qe2 hxg4 20. fxg4 Rc4 21. Bd4 Rxd4 22. Rxd4 Nxg4 23. Rb4 Qd7 24. h5 Re8 25. Qxg4 Qxg4 26. Nf6+ Bxf6 27. Rxg4 g5 28. c3 Kg7 29. a4 Re5 30. Rb4 Rxd5 31. Rxb7 g4 32. h6+ Kg6 33. h7 Bh8 34. Rb8 Bg7 35. Rg8 1-0

[Event "Late-Titled-Tuesday-Blitz-May-07-2024"]
[Site "Chess.com"]
[Date "2024.05.07"]
[Round "3"]
[White "Sinquefield"]
[Black "Magicmaster17"]
[Result "1-0"]
[WhiteElo "2537"]
[BlackElo "2896"]
[TimeControl "180+1"]
[EndTime "14:26:14 PDT"]
[Termination "Sinquefield won by checkmate"]

1. d4 Nf6 2. Nf3 c5 3. c3 g6 4. Bg5 Bg7 5. Nbd2 O-O 6. e3 d6 7. Be2 b6 8. O-O Bb7 9. b4 Nbd7 10. a4 a6 11. Re1 Qc7 12. Bf1 Rad8 13. Qb3 h6 14. Bh4 g5 15. Bg3 Nh5 16. bxc5 bxc5 17. Rab1 Rb8 18. Qc2 Nxg3 19. hxg3 e6 20. Rb2 d5 21.
Reb1 c4 22. e4 Bc6 23. e5 Rxb2 24. Rxb2 Qa5 25. Rb4 Rb8 26. Rxb8+ Nxb8 27. Qb2 Nd7 28. Be2 Bxa4 29. Nh2 Bb5 30. Ng4 Nb6 31. Bd1 Ba4 32. Bxa4 Nxa4 33. Qb8+ Kh7 34. Qb7 Kg6 35. Qb1+ Kh5 36.
Ne3 Nxc3 37. g4+ Kh4 38. g3+ Kh3 39. Qf1# 1-0

[Event "Late-Titled-Tuesday-Blitz-May-07-2024"]
[Site "Chess.com"]
[Date "2024.05.07"]
[Round "3"]
[White "rionelG"]
[Black "wannabe2700"]
[Result "0-1"]
[WhiteElo "2291"]
[BlackElo "2550"]
[TimeControl "180+1"]
[EndTime "14:26:21 PDT"]
[Termination "wannabe2700 won on time"]

1. e4 a5 2. d4 Ra6 3. Bxa6 Nxa6 4. Nf3 b6 5. O-O Bb7 6. Re1 g6 7. c3 Bg7 8. Nbd2 e6 9. Nf1 Ne7 10. Bg5 h6 11. Bd2 O-O 12. Qc1 g5 13. Ng3 f5 14. exf5 Bxf3 15. gxf3 Nxf5 16. f4 Nh4 17. fxg5 hxg5 18. Re3 Qa8 19. Qf1 c5 20. dxc5 Nxc5 21. Nh5 Be5 22. Qh3 Rf3 23. Rxf3 Nxf3+ 24. Kf1 Nxd2+ 25.
Ke2 Nde4 26. Qg4 Qa6+ 27. Ke1 Nd3+ 28. Ke2 Ndxf2+ 29. Kf3 Qd3+ 30. Kg2 Nxg4 0-1

[Event "Late-Titled-Tuesday-Blitz-May-07-2024"]
[Site "Chess.com"]
[Date "2024.05.07"]
[Round "3"]
[White "NelsonLinda"]
[Black "el_sporco"]
[Result "1-0"]
[WhiteElo "2618"]
[BlackElo "2410"]
[TimeControl "180+1"]
[EndTime "14:26:22 PDT"]
[Termination "NelsonLinda won by resignation"]

1. d4 Nf6 2. Nf3 e6 3. e3 d5 4. c4 c5 5. Nc3 Nc6 6. a3 a6 7. cxd5 exd5 8. Be2 c4 9. O-O Be7 10.
Ne5 O-O 11. Nxc6 bxc6 12. e4 Nxe4 13. Nxe4 dxe4 14. Bxc4 Be6 15. Bxe6 fxe6 16. Be3 Qd5 17. Qc2 Rab8 18. Rfc1 Rb6 19. Qa4 Bd6 20. b4 Rf5 21. Rc3 Rh5 22. h3 e5 23. Rd1 exd4 24.
Rxd4 Qe5 25. Rxd6 Qxd6 26. Bxb6 1-0

[Event "Late-Titled-Tuesday-Blitz-May-07-2024"]
[Site "Chess.com"]
[Date "2024.05.07"]
[Round "3"]
[White "Olkaa"]
[Black "IraZyne"]
[Result "1-0"]
[WhiteElo "2620"]
[BlackElo "2324"]
[TimeControl "180+1"]
[EndTime "14:26:23 PDT"]
[Termination "Olkaa won by resignation"]

1. e4 Nf6 2. e5 Nd5 3. c4 Nb6 4.
d4 d6 5. exd6 exd6 6. h3 Bf5 7.
Nf3 Be7 8. Nc3 O-O 9. Be2 c6 10.
O-O Bf6 11. b3 h6 12. Be3 d5 13. c5 Nc8 14. b4 Nd7 15. Qd2 Re8 16. a4 Ne7 17. b5 Be4 18. Nxe4 dxe4 19. Nh2 Nf8 20. Ng4 Nf5 21. Nxf6+ Qxf6 22. d5 cxd5 23. Qxd5 Nxe3 24.
fxe3 Qe7 25. c6 bxc6 26. bxc6 Rac8 27. Bc4 Rc7 28. Rab1 Rd8 29. Qxf7+ Qxf7 30. Rxf7 Rxf7 31. Rb7 Kh7 32. Rxf7 Ng6 33. c7 Re8 34. Ba6 1-0

[Event "Late-Titled-Tuesday-Blitz-May-07-2024"]
[Site "Chess.com"]
[Date "2024.05.07"]
[Round "3"]
[White "HaryKane"]
[Black "ChessWarrior7197"]
[Result "0-1"]
[WhiteElo "2534"]
[BlackElo "3134"]
[TimeControl "180+1"]
[EndTime "14:26:25 PDT"]
[Termination "ChessWarrior7197 won by resignation"]

1. d4 d5 2. e3 Nf6 3. f4 c5 4.
Nf3 Bg4 5. h3 Bxf3 6. Qxf3 Nc6 7. c3 Rc8 8. Nd2 g6 9. Bd3 Bg7 10. O-O O-O 11. g4 e6 12. Qg2 Nd7 13. Nf3 a6 14. Bd2 b5 15. Be1 b4 16. f5 bxc3 17.
bxc3 e5 18. Bh4 Qe8 19. dxe5 Ncxe5 20. Nxe5 Qxe5 21. Rae1 c4 22. Bb1 Rce8 23. Bg3 Qxc3 24. fxg6 hxg6 25. Bd6 Rxe3 26. Qxd5 Rxh3 27. Bxg6 Nf6 28.
Bxf7+ Rxf7 29. Re8+ Nxe8 30. Qxf7+ Kh7 31. Qxe8 Qd4+ 32. Kg2 Qxg4+ 33. Kf2 Rf3+ 34. Ke1 Bc3+ 0-1